 Dungeon Crawl Stone Soup version 0.30.1-10-g1249ef9ec4 (webtiles) character file.

Game seed: 13512802098320942304

74 Aphynety the Firebug (level 4, -8/24 HPs)
             Began as a Deep Elf Fire Elementalist on Oct 26, 2023.
             Killed from afar by Terence (9 damage)
             ... with a bolt of light
             ... on level 2 of the Dungeon.
             The game lasted 00:05:07 (2289 turns).

Aphynety the Firebug (Deep Elf Fire Elementalist)   Turns: 2289, Time: 00:05:08

Health: -8/24      AC:  4    Str:  5    XL:     4   Next: 9%
Magic:  8/11       EV: 13    Int: 22    God:
Gold:   60         SH:  0    Dex: 15    Spells: 9/10 levels left

rFire   . . .        (no weapon)
rCold   . . .        (no shield)
rNeg    . . .        a - +0 robe
rPois   .            (no helmet)
rElec   .            h - +1 cloak
rCorr   .            (no gloves)
SInv    .            (no boots)
Will    .....        (no amulet)
Stlth   ++           (no ring)
HPRegen 0.24/turn    (no ring)
MPRegen 0.12/turn

%: no passive effects
@: no status effects
A: no striking features
a: no special abilities


You were on level 2 of the Dungeon.
You visited 1 branch of the dungeon, and saw 2 of its levels.

You collected 60 gold pieces.

Inventory:

Armour
 a - a +0 robe (worn)
 g - a scarf of shadows
 h - a +1 cloak (worn)
Jewellery
 d - a ring of resist corrosion
 f - an amulet of reflection
 i - an amulet of regeneration
Scrolls
 e - a scroll of enchant weapon {unknown}
Potions
 b - a potion of magic
 c - 3 potions of curing {unknown}


   Skills:
 + Level 3.2 Dodging
 + Level 3.3 Stealth
 + Level 3.8 Spellcasting
 + Level 2.1 Conjurations
 + Level 3.8 Fire Magic


You had 9 spell levels left.
You knew the following spells:

 Your Spells              Type           Power      Damage    Failure   Level
a - Foxfire               Conj/Fire      68%        2x1d7     3%          1

Your spell library contained the following spells:

 Spells                   Type           Power      Damage    Failure   Level
 Scorch                   Fire           42%        2d7       3%          2
 Inner Flame              Hex/Fire       12%        N/A       16%         3
 Volatile Blastmotes      Fire/Tloc      24%        2d12      16%         3
 Flame Wave               Conj/Fire      17%        2d7       34%         4
 Fulminant Prism          Conj/Hex       4%         3d5       58%         4
 Iskenderun's Mystic Bla  Conj/Tloc      8%         2d4       58%         4
 Lee's Rapid Deconstruct  Erth           2%         3d4*      97%         5


Dungeon Overview and Level Annotations

Branches:
Dungeon (2/15)

Altars:

Annotations:
D:2 Terence


Message History

You conjure some foxfire!
You conjure some foxfire!
Your foxfire dissipates!
Your foxfire dissipates!
Your foxfire dissipates!
Your foxfire dissipates!
Found a stone staircase leading up.
Found a stone staircase leading up.
Terence the Incautious comes into view.
He is wielding a +2 flail of protection and carrying a wand of light (12).
You miscast Foxfire.
You are very lightly contaminated with residual magic.
Nothing appears to happen.
You conjure some foxfire!
You conjure some foxfire!
The foxfire hits Terence but does no damage.
Your foxfire dissipates!
You conjure some foxfire!
Terence zaps a wand.
The bolt of light hits your foxfire!
Your foxfire is blinded.
The bolt of light hits you!!
You are confused.
Ouch! That really hurt!
* * * LOW HITPOINT WARNING * * *
You are too injured to fight recklessly!
You are too injured to fight recklessly!
You are too injured to fight recklessly!
You bump into the rock wall.
The foxfire hits Terence but does no damage.
Your magical contamination has completely faded away.
You bump into the rock wall.
The foxfire hits Terence.
Terence is moderately wounded.
The foxfire hits Terence but does no damage.
Terence is moderately wounded.
Terence attacks as you move away!
Terence hits you with a +2 flail of protection.
* * * LOW HITPOINT WARNING * * *
You feel less confused.
Your foxfire dissipates!
Terence zaps a wand.
The bolt of light hits you!
You die...

#########
#.......#
#.#####.#
#.#####.#
#.##§...####
#.#.§..........
..#
#.#..#..#.##.#.
#.# #.§.....#.#
#.#
###@.#..<...
#.#
####.§####.##
#.#
#..@.........
#.#
#<##.##.###..
#.# #§ #.##.##
#.# #@ #.....#
#.. #. ####..#
....###
#.#####..# ...
# #........#
...


You could see Terence.

Vanquished Creatures
  Natasha (D:2)
  An adder (D:2)
  2 dart slugs
  3 endoplasms (D:1)
  2 giant cockroaches (D:2)
  4 hobgoblins
  2 kobolds (D:1)
  2 ball pythons (D:1)
  3 bats (D:2)
  3 frilled lizards
  6 goblins
  8 rats
37 creatures vanquished.

Vanquished Creatures (collateral kills)
  3 foxfires (D:2)
3 creatures vanquished.

Vanquished Creatures (others)
  179 foxfires
179 creatures vanquished.

Grand Total: 219 creatures vanquished

Notes
Turn   | Place    | Note
-------+----------+-------------------------------------------
     0 | D:1      | Aphynety the Deep Elf Fire Elementalist began the quest for
                  | the Orb.
     0 | D:1      | Reached XP level 1. HP: 10/10 MP: 6/6
   250 | D:1      | Reached XP level 2. HP: 15/15 MP: 2/8
  1248 | D:2      | Found a faded altar of an unknown god.
  1351 | D:2      | Reached XP level 3. HP: 19/19 MP: 3/9
  1867 | D:2      | Noticed Natasha
  1874 | D:2      | Killed Natasha
  1875 | D:2      | Reached XP level 4. HP: 20/24 MP: 4/11
  2280 | D:2      | Noticed Terence
  2289 | D:2      | HP: 1/24 [Terence/+2 flail of protection (5)]
  2289 | D:2      | Killed from afar by Terence

Illustrated notes

Levels and vault maps discovered:
D:1:      dpeg_arrival_radiant, layout_rooms
D:2:      layout_loops_cross, dreamdust_ecumenical_altar_hidden_monk_grotto,
          uniq_natasha, uniq_terence

Skill      XL: |  1  2  3 |
---------------+----------+-----
Dodging        | 3 |  3.2
Stealth        | 3 |  3.3
Conjurations   | 2 |  2.1
Spellcasting   | |  3.8
Fire Magic     | |  3.8

Action                     |  1- 3 |  4- 6 || total
---------------------------+-------+-------++-------
   Cast: Foxfire           |   105 |    16 ||   121
 Armour: Robe              |     1 |       ||     1
  Dodge: Dodged            |     4 |       ||     4
